AoeStats
← Paulo Silas

Fortress

509793117Analyzed
2v2 RM · 4d ago on Sep 28, 2026· 59m 54s· 4 players
Game mode
Random Map
Map size
Normal (6 player)
Population
200
Speed
Normal
Resources
Standard
Victory
Conquest
Starting age
Dark Age
Ending age
Imperial Age
RankedLock teamsTeams togetherTeam positionsShared explorationLock speedFull tech treeHidden civsTurbo modeCheats
Victory
Defeat
🇲🇽 Danes · Mexico
1223
+16
🇲🇽 Malians · Mexico
1139
+20
🇦🇷 Spanish · Argentina
1306
-21
🇦🇷 Mongols · Argentina
1141
-15
Ranilla_Sr Bernabe
7:56 Feudal Age
11:38 Castle Age
9:53 Double-Bit Axe
9:55 Horse Collar
10:18 Gold Mining
12:49 Elite Skirmisher
16:25 Forging
16:59 Fletching
18:42 Padded Archer Armor
23:33 Bow Saw
28:34 Imperial Age
26:32 Bodkin Arrow
28:01 Leather Archer Armor
29:46 Wheelbarrow
29:41 Ballistics
30:22 Iron Casting
31:48 Hand Cart
32:53 Heavy Plow
33:40 Ring Archer Armor
34:27 Loom
38:30 Squires
38:16 Arson
39:42 Chemistry
38:59 Scale Mail Armor
39:59 Blast Furnace
41:19 Conscription
45:20 Chain Mail Armor
46:37 Plate Mail Armor
51:31 Bracer
50:54 Elite Jomsviking
58:30 Gold Shaft Mining
58:17 Caravan
LaUlrich
7:34 Feudal Age
8:25 Loom
11:36 Castle Age
10:56 Forging
10:47 Double-Bit Axe
10:59 Horse Collar
12:52 Scale Mail Armor
17:36 Squires
21:07 Iron Casting
26:33 Chain Mail Armor
27:17 Gold Mining
29:37 Wheelbarrow
28:48 Town Watch
29:38 Stone Mining
36:43 Imperial Age
35:24 Scale Barding Armor
35:10 Fletching
35:21 Padded Archer Armor
35:35 Heavy Plow
35:49 Bow Saw
36:03 Husbandry
36:14 Bloodlines
37:45 Farimba
40:14 Chemistry
39:33 Heavy Camel Rider
41:34 Chain Barding Armor
41:45 Plate Mail Armor
43:07 Plate Barding Armor
49:24 Crop Rotation
51:32 Light Cavalry
54:41 Man-at-Arms
57:04 Crossbowman
57:50 Thumb Ring
57:56 Arbalester
58:28 Elite Skirmisher
59:36 Ballistics
Paulo Silas
7:01 Feudal Age
12:24 Castle Age
10:17 Double-Bit Axe
11:35 Horse Collar
13:13 Fletching
13:24 Padded Archer Armor
18:59 Loom
22:43 Bodkin Arrow
23:41 Husbandry
24:36 Leather Archer Armor
28:11 Ballistics
32:27 Imperial Age
31:31 Forging
31:26 Scale Barding Armor
33:23 Chain Barding Armor
40:02 Scale Mail Armor
41:08 Gold Mining
43:54 Heavy Camel Rider
44:44 Crossbowman
46:16 Stone Mining
48:20 Bloodlines
51:08 Iron Casting
52:35 Thumb Ring
56:45 Light Cavalry
59:18 Blast Furnace
58:29 Hussar
60:34 Bow Saw
JRR
8:52 Feudal Age
9:57 Loom
12:33 Castle Age
11:38 Double-Bit Axe
13:35 Bloodlines
13:24 Gold Mining
14:13 Fletching
16:58 Husbandry
19:05 Forging
20:52 Scale Barding Armor
25:56 Horse Collar
31:53 Iron Casting
32:41 Bodkin Arrow
41:15 Imperial Age
41:12 Wheelbarrow
41:07 Chain Barding Armor
41:19 Cavalier
43:09 Plate Barding Armor
43:53 Scale Mail Armor
43:42 Pikeman
44:09 Gambesons
44:39 Squires
44:58 Chain Mail Armor
44:41 Halberdier
47:01 Blast Furnace
46:13 Light Cavalry
47:03 Hussar
50:28 Plate Mail Armor
Connection lost

Rejoining the realm…

Still unreachable

The connection could not be restored.

Session expired

The server has moved on; the page needs a fresh start.